 Dungeon Crawl Stone Soup version 0.30-a0-172-gc5509c9e31 (webtiles) character file.

Game seed: 8303949717218504103

236006 gruber the Slayer (level 19, -3/189 HPs)
             Began as a Hill Orc Fighter on Oct 1, 2022.
             Was a High Priest of Okawaru.
             Slain by a kraken (27 damage)
             ... on level 3 of the Shoals.
             The game lasted 01:06:19 (47779 turns).

gruber the Slayer (Hill Orc Fighter)               Turns: 47779, Time: 01:06:19

Health: -3/189     AC: 36    Str: 27    XL:     19   Next: 64%
Magic:  24/26      EV: 11    Int: 17    God:    Okawaru [*****.]
Gold:   2685       SH: 23    Dex: 10    Spells: 18/18 levels left

rFire   + + .      SeeInvis .    O - +9 quick blade of Ancient Evil {vorpal, rPois Int+4}
rCold   + + +      Faith    .    s - +2 tower shield {rC+}
rNeg    + . .      Spirit   .    W - +0 crystal plate armour "Koug" {rPois rC+ rN+ Will+}
rPois   +          Reflect  .    y - +0 helmet "Uhico" {rF+ Int+7}
rElec   .          Harm     .    K - scarf {rC+ rF+}
rCorr   .          Rampage  .    d - +0 pair of gloves of Nuuddax {Stlth+}
Will    ++...                    U - +0 pair of boots
Stlth   ..........               Y - amulet of regeneration
HPRegen 1.31/turn                V - ring of flight
MPRegen 0.20/turn                R - +4 ring of slaying

@: heroic, flying, studying Conjurations
A: dopey 1
}: 1/15 runes: serpentine
a: Renounce Religion, Heroism, Finesse, Duel


You were on level 3 of the Shoals.
You worshipped Okawaru.
Okawaru was extremely pleased with you.
You visited 7 branches of the dungeon, and saw 31 of its levels.
You visited the Abyss 1 time.
You also visited: Ice Cave and Volcano.

You collected 2948 gold pieces.
You spent 263 gold pieces at shops.

Inventory:

Hand Weapons
 n - the +10 dagger of Floods {protect, rElec rC+}
   (You found it on level 2 of the Dungeon)

   It grants its wielder temporary protection when it strikes (+7 to AC).
   rC:        It protects you from cold.
   rElec:     It insulates you from electricity.
 O - the +9 quick blade of Ancient Evil (weapon) {vorpal, rPois Int+4}
   (Okawaru gifted it to you on level 1 of the Abyss)

   It inflicts extra damage upon your enemies.
   Int:       It affects your intelligence (+4).
   rPois:     It protects you from poison.
Missiles
 h - 6 curare-tipped darts
 A - 5 throwing nets
 C - a javelin
 N - 2 silver boomerangs (quivered)
 Q - 2 silver javelins
Armour
 d - the +0 pair of gloves of Nuuddax (worn) {Stlth+}
   (Okawaru gifted it to you on level 4 of the Snake Pit)

   Stlth:     It makes you more stealthy.
 s - a +2 tower shield of cold resistance (worn)
 y - the +0 helmet "Uhico" (worn) {rF+ Int+7}
   (You bought it in a shop on level 2 of the Dungeon)

   Int:       It affects your intelligence (+7).
   rF:        It protects you from fire.
 K - a scarf of resistance (worn)
 U - a +0 pair of boots (worn)
 W - the +0 crystal plate armour "Koug" (worn) {rPois rC+ rN+ Will+}
   (Okawaru gifted it to you on level 13 of the Dungeon)

   rC:        It protects you from cold.
   rPois:     It protects you from poison.
   rN:        It protects you from negative energy.
   Will:      It increases your willpower.
Jewellery
 g - the ring of Teedet {rElec EV+4}
   (You found it on level 1 of the Snake Pit)

   [ring of evasion]

   EV:        It affects your evasion (+4).
   rElec:     It insulates you from electricity.
 p - a ring of poison resistance
 q - a ring of ice
 M - a ring of willpower
 R - a +4 ring of slaying (right hand)
 T - the ring "Soulash" {rN+ Int+3}
   (You found it on level 5 of the Lair of Beasts)

   [ring of positive energy]

   Int:       It affects your intelligence (+3).
   rN:        It protects you from negative energy.
 V - a ring of flight (left hand)
 X - a ring of protection from fire
 Y - an amulet of regeneration (around neck)
Wands
 r - a wand of polymorph (10)
 x - a wand of mindburst (11)
 E - a wand of iceblast (22)
 L - a wand of flame (18)
 P - a wand of acid (16)
Scrolls
 c - 2 scrolls of silence
 e - 11 scrolls of teleportation
 j - 11 scrolls of identify
 l - 6 scrolls of poison
 t - 3 scrolls of amnesia
 u - 6 scrolls of blinking
 v - 4 scrolls of fear
 w - a scroll of enchant armour
 S - a scroll of magic mapping
Potions
 a - 5 potions of heal wounds
 b - 2 potions of resistance
 f - 2 potions of ambrosia
 i - a potion of berserk rage
 k - 6 potions of flight
 m - a potion of mutation
 o - 2 potions of brilliance
 z - 3 potions of lignification
 B - a potion of might
 D - 3 potions of attraction
 F - 6 potions of invisibility
 G - 8 potions of curing
 H - 4 potions of magic
 I - 4 potions of cancellation
 J - 3 potions of haste


   Skills:
 - Level 21.1(26.1) Fighting
 - Level 8.5(13.5) Short Blades
 - Level 9.2(14.2) Axes
 - Level 20.0(25.0) Armour
 - Level 12.0(17.0) Dodging
 - Level 17.0(22.0) Shields
 * Level 10.3 Invocations
 - Level 9.0 Evocations


You had 18 spell levels left.
You didn't know any spells.
Your spell library contained the following spells:

 Spells                   Type           Power      Damage    Failure   Level
 Foxfire                  Conj/Fire      0%         2x1d4     97%         1
 Blink                    Tloc           0%         N/A       99%         2
 Ensorcelled Hibernation  Hex/Ice        0%         N/A       99%         2
 Scorch                   Fire           0%         2d5       99%         2
 Gell's Gravitas          Tloc           0%         N/A       100%        3
 Hailstorm                Conj/Ice       0%         3d3       100%        3
 Ignite Poison            Fire/Tmut/Pois 0%         N/A       100%        3
 Kindle Blastsparks       Fire/Tloc/Air  0%         2d10      100%        3
 Ozocubu's Armour         Ice            0%         N/A       100%        3
 Teleport Other           Tloc           0%         N/A       100%        3
 Flame Wave               Conj/Fire      0%         2d4       100%        4
 Fulminant Prism          Conj/Hex       0%         3d6       100%        4
 Ice Form                 Ice/Tmut       0%         N/A       100%        4
 Iskenderun's Mystic Bla  Conj/Tloc      0%         2d3       100%        4
 Manifold Assault         Tloc           0%         N/A       100%        4
 Borgnjor's Vile Clutch   Necr/Erth      0%         N/A       100%        5
 Fireball                 Conj/Fire      0%         3d3       100%        5
 Iskenderun's Battlesphe  Conj           0%         2d6       100%        5
 Lee's Rapid Deconstruct  Erth           0%         3d5*      100%        5
 Metabolic Englaciation   Hex/Ice        0%         N/A       100%        5
 Conjure Ball Lightning   Conj/Air       0%         3x3d6     100%        6
 Dispersal                Tloc           0%         N/A       100%        6
 Starburst                Conj/Fire      0%         6d3       100%        6
 Orb of Destruction       Conj           0%         9d5       100%        7
 Ozocubu's Refrigeration  Ice            0%         4d7       100%        7
 Storm Form               Tmut/Air       0%         N/A       100%        7
 Maxwell's Capacitive Co  Air            0%         ∞         100%        8
 Chain Lightning          Conj/Air       0%         N/A       100%        9
 Fire Storm               Conj/Fire      0%         5d1       100%        9
 Shatter                  Erth           0%         3d5*      100%        9
 Animate Dead             Necr           Unusable   N/A       N/A         4
 Summon Lightning Spire   Summ/Air       Unusable   N/A       N/A         4
 Death Channel            Necr           Unusable   N/A       N/A         6
 Simulacrum               Ice/Necr       Unusable   N/A       N/A         6
 Summon Cactus Giant      Summ           Unusable   N/A       N/A         6

Dungeon Overview and Level Annotations

Branches:
Dungeon (15/15)            Temple (1/1) D:4            Lair (5/5) D:9
 Shoals (3/4) Lair:2        Snake (4/4) Lair:2        Slime (0/5) Lair:5
    Orc (2/2) D:9             Elf (0/3) Orc:2        Vaults (1/5) D:13
 Depths (0/4) D:15          IceCv (visited)         Volcano (visited)

Altars:
Ashenzari
Cheibriados
Dithmenos
Elyvilon
Fedhas
Gozag
Hepliaklqana
Kikubaaqudgha
Makhleb
Nemelex Xobeh
Okawaru
Qazlal
Ru
Sif Muna
Trog
Uskayaw
Vehumet
Wu Jian
Xom
Yredelemnul
Zin
The Shining One
Beogh

Shops:
D:2 [[   D:7 ?*   D:13 (   Orc:1 [   Orc:2 [![?   Shoals:1 [=*[   Snake:3 ([
Vaults:1 *

Annotations:
Lair:4 exclusion: 2 oklob plants
Orc:1 2 transporters


Innate Abilities, Weirdness & Mutations

You are dopey. (Int -2)


Message History

A tentacle segment bursts forth from the water. x4
You block the kraken's attack.
The tentacle slaps you but does no damage. x3
You hit the kraken but do no damage.
The kraken is almost dead.
You block the tentacle's attack. You block the kraken's attack.
The tentacle slaps you.
* * * LOW HITPOINT WARNING * * *
You hit the kraken but do no damage.
The kraken is almost dead.
The tentacle barely misses you. You block the tentacle's attack.
The kraken barely misses you.
You hit the kraken.
The kraken is almost dead.
The tentacle slaps you but does no damage. x2
You hit the kraken but do no damage.
The kraken is almost dead.
You block the tentacle's attack.
A tentacle segment bursts forth from the water. x4
The tentacle slaps you.
* * * LOW HITPOINT WARNING * * *
The tentacle slaps you!
* * * LOW HITPOINT WARNING * * *
The kraken bites you.
* * * LOW HITPOINT WARNING * * *
Unknown command.
You hit the kraken but do no damage.
The kraken is almost dead.
The tentacle slaps you!
* * * LOW HITPOINT WARNING * * *
You block the tentacle's attack. x2
You gain the combat prowess of a mighty hero.
A tentacle segment bursts forth from the water. x4
The tentacle slaps you!
* * * LOW HITPOINT WARNING * * *
The kraken squirts a massive cloud of ink into the water!
The tentacle barely misses you.
The tentacle slaps you but does no damage.
You block the tentacle's attack. The kraken bites you!!
You die...

. ####~~~~...~...###..~
.###...~≈≈~~.....~.....~~
~~....~~~≈≈~~...~~≈~..~~~
~~~~..~~~~≈≈≈≈≈≈≈≈≈≈≈~~~≈
~~.....~~~~≈≈≈§§≈≈≈≈≈≈≈≈≈
~~......~.~~≈≈§§§w§≈≈≈≈≈≈
~....#.....~≈≈§§Xw§~~≈≈≈≈
~..........~≈~§§@§§~~~~≈≈
~.........~≈~~§w§w§~~~~~≈
~..).....~~~~§~§§~.~.~~~~
~...)<...~~~~~.........~~
)~.}.....~~~~..........~~
~>)).~~.~~~~~~....###..~~
.~~..~~..~~~~~....###....~
#.....)..~~........<.....~~
.................?....~..~~


You could see a kraken and 4 tentacles.

Vanquished Creatures
  Vashnia (Snake:3)
  A kraken (Shoals:3)
  A fire giant (D:11)
  13 nagarajas
  2 vault wardens (Vaults:1)
  An orc warlord (Vaults:1)
  3 ironbound preservers (Vaults:1)
  A stone giant (D:15)
  2 ironbound thunderhulks (Vaults:1)
  8 dire elephants
  Snorg (D:13)
  2 merfolk javelineers (Shoals:3)
  Josephine (D:12)
  A merfolk impaler (Shoals:2)
  2 great orbs of eyes (Vaults:1)
  5 hydras
  A salamander tyrant (Snake:4)
  Fannar (D:11)
  A vault guard (Vaults:1)
  15 centaur warriors
  A catoblepas (Lair:2)
  4 ogre magi
  3 boulder beetles
  4 merfolk avatars
  3 anacondas
  A death knight (D:11)
  8 merfolk aquamancers
  A satyr (Shoals:3)
  2 ironbound frosthearts (Vaults:1)
  4 tengu warriors
  17 naga warriors
  13 two-headed ogres
  4 orc high priests (Orc:2)
  27 naga sharpshooters
  5 shock serpents
  A spectral dire elephant (Lair:5)
  Amaemon (Lair:3)
  A hell knight (Volcano)
  Nergalle (Lair:2)
  A spectral death yak (Lair:5)
  5 salamander mystics
  The ghost of funkygono the Arsonist, a novice GrFE of Vehumet (D:7)
  The ghost of MeekVeins the Skirmisher, a novice DEHs of Hepliaklqana (D:9)
  A spectral anaconda (Lair:5)
  13 deep trolls (Vaults:1)
  7 sea snakes
  A swamp dragon (shapeshifter) (D:9)
  An obsidian statue (Lair:5)
  7 naga ritualists
  2 ironbound convokers (Vaults:1)
  5 wizards
  A lindwurm (shapeshifter) (D:14)
  6 lindwurms (Vaults:1)
  9 harpies
  3 orc knights
  9 mana vipers
  4 necromancers
  2 deep elf pyromancers
  20 ugly things
  An orc sorcerer (Orc:2)
  10 cyclopes
  20 salamanders
  10 manticores
  18 elephants
  7 fauns
  A merfolk siren (Shoals:3)
  9 guardian serpents
  40 black mambas
  A water nymph (Shoals:3)
  A dire elephant zombie (Lair:5)
  2 gargoyles
  An orange demon (Lair:3)
  An ice statue (IceCv)
  11 cane toads
  3 vault sentinels (Vaults:1)
  18 naga magi
  3 unseen horrors
  A rime drake (Lair:2)
  4 yaktaurs
  3 efreet
  5 freezing wraiths
  5 anaconda simulacra (IceCv)
  9 ice devils (IceCv)
  2 tengu conjurers
  12 komodo dragons
  6 kobold demonologists
  2 starcursed masses (Abyss:1)
  6 meliai (D:15)
  26 merfolk
  8 trolls
  5 wind drakes
  A wolf spider simulacrum (D:15)
  A raiju (Abyss:1)
  5 snapping turtles
  3 spectral elephants (Lair:5)
  10 blink frogs
  5 slime creatures
  21 dream sheep
  3 wyverns
  2 small abominations
  A shadow (D:12)
  2 dire elephant simulacra
  32 yaks
  4 wraiths
  7 water elementals
  A steam dragon (D:9)
  4 basilisks
  3 death yak simulacra
  2 redbacks (Vaults:1)
  A neqoxec (Abyss:1)
  Menkaure (D:7)
  47 nagas
  3 acid dragons
  2 harpy simulacra (IceCv)
  A spectral cane toad (Lair:5)
  8 wargs
  16 water moccasins
  A meliai simulacrum (D:14)
  A black bear (Lair:1)
  2 sky beasts (D:8)
  18 orc warriors
  An ice beast (D:6)
  2 elephant zombies (Lair:5)
  4 boggarts (Vaults:1)
  8 ogres
  23 wolves
  2 elephant skeletons (Lair:5)
  A phantom (D:5)
  9 centaurs
  10 kobold brigands
  16 bullfrogs
  3 gnoll sergeants
  4 scorpions
  5 wights (D:8)
  3 two-headed ogre simulacra (IceCv)
  6 cane toad simulacra
  10 killer bees
  7 electric eels
  5 elephant simulacra
  5 howler monkeys
  3 hounds
  A jelly (Abyss:1)
  22 orc priests
  3 gnoll boudas
  Ijyb (D:3)
  20 orc wizards
  5 polar bear simulacra (IceCv)
  5 wolf simulacra (IceCv)
  7 adders
  31 gnolls
  A naga simulacrum (IceCv)
  2 shadow imps (D:5)
  18 white imps
  An ufetubus (IceCv)
  3 dart slugs
  2 worms
  54 orcs
  9 ball pythons
  7 bats
  10 endoplasms
  2 giant cockroaches
  9 goblins
  8 hobgoblins
  6 jackals
  25 kobolds
  A quokka (D:2)
  2 frilled lizards (D:1)
  5 rats
  6 tentacles (Shoals:3)
1115 creatures vanquished.

Vanquished Creatures (others)
  A wizard (Vaults:1)
  A kobold brigand (D:10)
  An orc wizard (D:10)
  A bush (Lair:2)
  14 fungi
  65 plants
  2 tentacles (Shoals:3)
  15 withered plants (Lair:5)
100 creatures vanquished.

Grand Total: 1215 creatures vanquished

Notes
Turn   | Place    | Note
-------+----------+-------------------------------------------
     0 | D:1      | gruber the Hill Orc Fighter began the quest for the Orb.
     0 | D:1      | Reached XP level 1. HP: 19/19 MP: 1/1
   206 | D:1      | Found a faded altar of an unknown god.
   213 | D:1      | Got Plato's Secrets of Incandescence
   248 | D:1      | Reached XP level 2. HP: 26/26 MP: 2/2
   732 | D:2      | Reached XP level 3. HP: 28/31 MP: 3/3
   805 | D:2      | Reached skill level 5 in Axes
   965 | D:2      | Reached XP level 4. HP: 39/39 MP: 4/4
  1050 | D:2      | Identified the +10 dagger of Floods {protect, rElec rC+}
  1197 | D:2      | Found Kuorr's Antique Armour Emporium.
  1292 | D:2      | Found Kusk's Antique Armour Shoppe.
  1714 | D:3      | Noticed Ijyb
  1727 | D:3      | Killed Ijyb
  1950 | D:4      | Reached XP level 5. HP: 45/45 MP: 5/5
  2176 | D:4      | Reached XP level 6. HP: 11/51 MP: 6/6
  2616 | D:4      | Found a staircase to the Ecumenical Temple.
  2728 | Temple   | Entered the Ecumenical Temple
  2766 | Temple   | Became a worshipper of Warmaster Okawaru
  2990 | D:5      | Entered Level 5 of the Dungeon
  3028 | D:5      | Reached skill level 4 in Fighting
  3033 | D:5      | Reached XP level 7. HP: 59/59 MP: 7/7
  3066 | D:5      | Reached skill level 5 in Fighting
  3193 | D:5      | Noticed a yak
  3194 | D:5      | Noticed a yak
  3195 | D:5      | Noticed a yak
  3195 | D:5      | Noticed a yak
  3230 | D:4      | Killed a yak
  3230 | D:4      | Reached * piety under Okawaru
  3231 | D:4      | Reached skill level 6 in Fighting
  3328 | D:5      | Reached skill level 7 in Fighting
  3386 | D:5      | Found a radiant altar of Vehumet.
  3426 | D:5      | Reached XP level 8. HP: 73/74 MP: 8/8
  3446 | D:5      | Reached skill level 8 in Fighting
  3706 | D:5      | Reached ** piety under Okawaru
  3707 | D:5      | Reached skill level 9 in Fighting
  4012 | D:5      | Killed a yak
  4102 | D:5      | Killed a yak
  4103 | D:5      | Reached skill level 10 in Fighting
  4109 | D:5      | Killed a yak
  4110 | D:5      | Reached skill level 11 in Fighting
  4407 | D:5      | Reached XP level 9. HP: 58/89 MP: 9/9
  4729 | D:6      | Reached skill level 12 in Fighting
  4942 | D:6      | Found an opulent altar of Gozag.
  4954 | D:6      | Reached *** piety under Okawaru
  5143 | D:7      | Found Hepni's Mass Market.
  5156 | D:7      | Noticed Menkaure
  5165 | D:7      | Killed Menkaure
  5166 | D:7      | Reached skill level 5 in Armour
  5429 | D:2      | Bought a heavily runed helmet for 237 gold pieces
  5429 | D:2      | Identified the +0 helmet "Uhico" {rF+ Int+7} (You bought it
                  | in a shop on level 2 of the Dungeon)
  5773 | D:7      | Found a runed translucent gate.
  5773 | D:7      | Found a runed translucent gate.
  5773 | D:7      | Found a runed translucent gate.
  5774 | D:7      | Noticed funkygono's ghost (novice GrFE)
  5776 | D:7      | Noticed a kobold demonologist
  5785 | D:7      | Found a shadowy altar of Dithmenos.
  5860 | D:7      | Found Kejug's Magic Scroll Emporium.
  5867 | D:7      | Bought a scroll of identify for 26 gold pieces
  6817 | D:8      | Found a shimmering altar of Xom.
  7446 | D:8      | Reached XP level 10. HP: 90/97 MP: 8/10
  7984 | D:8      | Reached **** piety under Okawaru
  8263 | D:9      | Found a blossoming altar of Fedhas.
  8611 | D:9      | Found a runed translucent door.
  8612 | D:9      | Noticed MeekVeins's ghost (novice DEHs)
  8632 | D:9      | Found a staircase to the Orcish Mines.
  8696 | D:9      | Reached skill level 5 in Shields
  9281 | D:9      | Found a staircase to the Lair.
  9429 | D:9      | Reached skill level 1 in Dodging
  9662 | D:9      | Identified the +5 whip of Intimidation {antimagic, Will+
                  | Str+4}
  9662 | D:9      | Noticed a salamander
  9737 | D:10     | Entered Level 10 of the Dungeon
  9916 | D:10     | Reached ***** piety under Okawaru
 10014 | D:10     | Reached skill level 1 in Invocations
 10185 | D:10     | Found a basalt altar of Yredelemnul.
 10185 | D:10     | Found a stormy altar of Qazlal.
 10294 | D:10     | Killed an unseen horror
 10295 | D:10     | Reached XP level 11. HP: 28/104 MP: 10/13
 10295 | D:10     | HP: 3/104 [komodo dragon (25)]
 10296 | D:10     | Received a gift from Okawaru
 10300 | D:10     | Reached skill level 5 in Invocations
 11295 | D:11     | Found a runed translucent door.
 11301 | D:11     | Noticed a cyclops
 11301 | D:11     | Noticed an ogre mage
 11301 | D:11     | Noticed a death knight
 11302 | D:11     | Noticed a fire giant
 11444 | D:11     | Noticed Fannar
 11534 | D:11     | Killed Fannar
 11981 | D:11     | Reached skill level 1 in Short Blades
 12349 | D:11     | Noticed a manticore
 12352 | D:11     | Noticed a two-headed ogre
 12352 | D:11     | Noticed an orc knight
 12506 | D:12     | Noticed a cyclops
 12518 | D:12     | Reached skill level 5 in Short Blades
 12537 | D:12     | Killed a cyclops
 13259 | D:12     | Noticed a cyclops
 13275 | D:12     | Killed a cyclops
 13323 | D:12     | Noticed Josephine
 13343 | D:12     | Killed Josephine
 13353 | D:12     | Reached XP level 12. HP: 83/112 MP: 11/18
 14138 | Lair:1   | Entered Level 1 of the Lair of Beasts
 14236 | Lair:1   | Reached skill level 10 in Armour
 14319 | Lair:1   | Received a gift from Okawaru
 14893 | Lair:1   | Found a frozen archway.
 14945 | IceCv    | Entered an ice cave
 15401 | IceCv    | Reached skill level 13 in Fighting
 15663 | IceCv    | Found an ancient bone altar of Kikubaaqudgha.
 15774 | IceCv    | Reached skill level 14 in Fighting
 15806 | IceCv    | Reached XP level 13. HP: 23/124 MP: 14/19
 16436 | IceCv    | Reached skill level 15 in Fighting
 17028 | IceCv    | Received a gift from Okawaru
 18253 | Lair:2   | Received a gift from Okawaru
 18290 | Lair:2   | Reached ****** piety under Okawaru
 18413 | Lair:2   | Found a staircase to the Snake Pit.
 18633 | Lair:2   | Found a staircase to the Shoals.
 19056 | Lair:2   | Found an iron altar of Okawaru.
 19386 | Lair:2   | Noticed Nergalle
 19426 | Lair:2   | Killed Nergalle
 19427 | Lair:2   | Reached skill level 15 in Armour
 19814 | Lair:3   | Noticed Amaemon
 19854 | Lair:3   | Killed Amaemon
 20479 | Lair:3   | Identified the +0 scale mail of Korphud {Harm Int+3 SInv}
                  | (Okawaru gifted it to you on level 3 of the Lair of Beasts)
 20479 | Lair:3   | Received a gift from Okawaru
 20480 | Lair:3   | Reached XP level 14. HP: 123/135 MP: 20/20
 22472 | Lair:5   | Entered Level 5 of the Lair of Beasts
 22560 | Lair:5   | Found a staircase to the Slime Pits.
 23414 | Lair:5   | Noticed a dire elephant
 23482 | Lair:5   | Killed a dire elephant
 23705 | Lair:5   | Noticed a dire elephant
 23759 | Lair:5   | Killed a dire elephant
 24957 | Lair:5   | Identified the +1 helmet "Ziorots" {Drain rElec rPois
                  | Stlth+} (Okawaru gifted it to you on level 5 of the Lair of
                  | Beasts)
 24957 | Lair:5   | Received a gift from Okawaru
 25026 | Lair:5   | Identified the +1 shortbow of Cousac {vorpal, rElec Str+4
                  | Stlth+}
 25041 | Lair:5   | Identified the +6 ring mail of Ashenzari's Anger {-Cast
                  | Regen+ rCorr SInv}
 25565 | Lair:5   | Identified the ring "Soulash" {rN+ Int+3}
 25779 | Orc:1    | Entered Level 1 of the Orcish Mines
 25829 | Orc:1    | Found a dark tunnel.
 25889 | Volcano  | Entered a volcano
 26336 | Orc:1    | Found a transporter.
 26366 | Orc:1    | Found a roughly hewn altar of Beogh.
 26366 | Orc:1    | Found a transporter.
 26509 | Orc:1    | Found Pugoac's Armour Shoppe.
 26638 | Orc:2    | Entered Level 2 of the Orcish Mines
 26874 | Orc:2    | Found a staircase to the Elven Halls.
 27067 | Orc:2    | Reached XP level 15. HP: 107/141 MP: 21/21
 27785 | Orc:2    | Found Qigu's Distillery.
 27785 | Orc:2    | Found Doxeu's Magic Scroll Shoppe.
 27786 | Orc:2    | Found Goka Heo's Antique Armour Shoppe.
 27790 | Orc:2    | Found Jannat's Armour Emporium.
 28153 | Orc:1    | Reached skill level 5 in Dodging
 28545 | D:9      | Killed MeekVeins's ghost
 28904 | Abyss:1  | Cast into level 1 of the Abyss (kobold brigand)
 29040 | Abyss:1  | Identified the +9 quick blade of Ancient Evil {vorpal,
                  | rPois Int+4} (Okawaru gifted it to you on level 1 of the
                  | Abyss)
 29040 | Abyss:1  | Received a gift from Okawaru
 29047 | Abyss:1  | Gained mutation: You are dopey. (Int -2) [a neqoxec]
 29055 | D:7      | Escaped the Abyss
 29074 | D:7      | Killed funkygono's ghost
 29534 | D:11     | Killed a fire giant
 29638 | D:11     | Identified the +0 helmet of Linaphem {Rampage rF- rC++
                  | Int+4}
 29651 | D:11     | Got the Anthology of Calescent Cold
 29943 | D:13     | Noticed Snorg
 29968 | D:13     | Killed Snorg
 30362 | D:13     | Reached skill level 16 in Fighting
 30372 | D:13     | Found a gate to the Vaults.
 30422 | D:13     | Found Gealoer's Antique Weapon Emporium.
 30432 | D:13     | Identified the +0 crystal plate armour "Koug" {rPois rC+
                  | rN+ Will+} (Okawaru gifted it to you on level 13 of the
                  | Dungeon)
 30432 | D:13     | Received a gift from Okawaru
 30967 | D:14     | Reached skill level 17 in Fighting
 31354 | D:14     | Reached skill level 18 in Fighting
 31951 | D:14     | Reached skill level 19 in Fighting
 32276 | D:14     | Reached XP level 16. HP: 162/162 MP: 22/22
 32438 | D:15     | Entered Level 15 of the Dungeon
 32453 | D:15     | Found a staircase to the Depths.
 32486 | D:15     | Reached skill level 20 in Fighting
 33012 | D:15     | Identified the +1 tower shield of Iriec {*Slow Will++ Str-3
                  | Dex+2} (Okawaru gifted it to you on level 15 of the
                  | Dungeon)
 33012 | D:15     | Received a gift from Okawaru
 33492 | D:15     | Reached skill level 21 in Fighting
 34312 | Snake:1  | Entered Level 1 of the Snake Pit
 34771 | Snake:1  | Identified the ring of Teedet {rElec EV+4}
 35887 | Snake:1  | Identified the +0 robe "Wieran" {Fly rC- rN+} (Okawaru
                  | gifted it to you on level 1 of the Snake Pit)
 35887 | Snake:1  | Received a gift from Okawaru
 36091 | Snake:2  | Identified the +0 ring mail of the Sparrow {rC+ Slay+3}
 36503 | Snake:2  | Noticed a nagaraja
 36538 | Snake:2  | Killed a nagaraja
 37357 | Snake:3  | Reached XP level 17. HP: 173/173 MP: 23/23
 37483 | Snake:3  | Noticed Vashnia
 37535 | Snake:3  | Reached skill level 10 in Dodging
 37639 | Snake:3  | Killed Vashnia
 37759 | Snake:3  | Received a gift from Okawaru
 38039 | Snake:3  | Identified the ring "Eckesacw" {rElec MP+9}
 38537 | Snake:3  | Found Ellext's Armour Emporium.
 38537 | Snake:3  | Found Vesolu's Weapon Shoppe.
 39012 | Snake:4  | Entered Level 4 of the Snake Pit
 39754 | Snake:4  | Reached skill level 10 in Shields
 39978 | Snake:4  | Identified the +0 pair of gloves of Nuuddax {Stlth+}
                  | (Okawaru gifted it to you on level 4 of the Snake Pit)
 39978 | Snake:4  | Received a gift from Okawaru
 40338 | Snake:4  | Got a serpentine rune of Zot
 40469 | Snake:4  | Reached XP level 18. HP: 114/182 MP: 24/24
 41849 | Vaults:1 | Entered Level 1 of the Vaults
 42006 | Vaults:1 | Identified the +3 ring mail of Amelioration {rC+} (Okawaru
                  | gifted it to you on level 1 of the Vaults)
 42006 | Vaults:1 | Received a gift from Okawaru
 42159 | Vaults:1 | Reached skill level 15 in Shields
 43453 | Vaults:1 | Found Minwas's Assorted Antiques.
 44109 | Vaults:1 | Reached skill level 1 in Evocations
 44187 | Vaults:1 | Identified the +3 dagger of Lali {vorpal, rPois rN+++ Will-
                  | Str-5} (Okawaru gifted it to you on level 1 of the Vaults)
 44187 | Vaults:1 | Received a gift from Okawaru
 44204 | Vaults:1 | Reached XP level 19. HP: 25/189 MP: 20/25
 44780 | Shoals:1 | Entered Level 1 of the Shoals
 44795 | Shoals:1 | Found Qaodwoy's Armour Shop.
 44917 | Shoals:1 | Reached skill level 5 in Evocations
 44989 | Arena    | Entered the Arena
 45131 | Shoals:1 | Found Nuclu's Jewellery Emporium.
 45218 | Shoals:1 | Found Aqidomul's General Store.
 45297 | Shoals:1 | Found Liqaumuresk's Antique Armour Boutique.
 45533 | Shoals:1 | Identified the +1 robe of Hyjagrua {rF+}
 47618 | Shoals:3 | Reached skill level 10 in Invocations
 47779 | Shoals:3 | Slain by a kraken

Illustrated notes

Levels and vault maps discovered:
D:1:      psy_arrival_statuary, layout_loops_ring,
          shapermc_ecumenical_altar_rom_forum, st_stairs_9
D:2:      layout_basic, serial_shops, shop, shop, serial_glass, glass_columns_a,
          glass_columns_c, minmay_bisected
D:3:      layout_rooms, serial_aquarium, aquarium_bridge_island_small
          [aquarium_subvault_small_open, aquarium_subvault_bridge,
          aquarium_subvault_wall, aquarium_subvault_balcony,
          aquarium_subvault_window], aquarium_window_fake, aquarium_window_fake,
          aquarium_window_fake, aquarium_view_2c, aquarium_balcony_3b,
          aquarium_pool_2, palyth_stone_intersect, uniq_ijyb
D:4:      layout_rooms, lemuel_temple_firewalk_a, serial_corexii_hall,
          chequers_hall_statues_y, corexii_hall_statues_x
D:5:      layout_loops_cross, kennysheep_little_box, minmay_manual_moon
D:6:      layout_rooms, old_standard_altar
D:7:      layout_layer_cave, pf_just_have_faith, gammafunk_ghost_nasty_kobolds,
          serial_shops, shop, minmay_misc_feat_tiny, minmay_shop_mass,
          uniq_menkaure
D:8:      layout_layer_cave, mainiacjoe_overflow_small_starburst
D:9:      layout_cave_pools, fedhas_altar_2, erik_lair_dragon, orc_0_dummy,
          ebering_ghost_inner_flame, minmay_misc_feat_rugged
D:10:     layout_stronghold, chequers_temple_overflow_statue_of_worship
D:11:     layout_basic, interstate_on_off, minmay_st_funbox, uniq_fannar
D:12:     layout_basic, hangedman_decor_points, uniq_josephine
D:13:     layout_basic, david_vaults_1, serial_shops, nicolae_shop_stone,
          uniq_snorg
D:14:     layout_loops_ring, roderic_lattice_a
D:15:     grunt_enter_depths_giant_problem, layout_basic, hangedman_glass_teeth
Temple:   hellmonk_temple_two_chambers
Lair:1:   cheibrodos_lair_river_kwai, layout_chaotic_city,
          portal_ice_cave_entry_imps, minmay_holes, serial_bayou_lagoon_b,
          grunt_megastairs_4
Lair:2:   layout_roguey, minmay_shoals_entry_beasts,
          minmay_snake_entry_guardpost_large, lemuel_centaur_altar,
          grunt_megastairs_2, uniq_nergalle
Lair:3:   layout_chaotic_city, uniq_amaemon
Lair:4:   layout_regular_city, minivault_23, nicolae_quartered_pool_super,
          serial_bayou_pond_c, dpeg_oklob_1, grunt_megastairs_1
Lair:5:   due_jungle_book, layout_big_grid, dpeg_slime_entry_corner,
          serial_rivers, chequers_serial_rivers_micro_d,
          chequers_serial_rivers_large_a, chequers_serial_rivers_micro_c,
          chequers_serial_rivers_micro_c, chequers_serial_rivers_micro_d,
          chequers_serial_rivers_micro_e, chequers_serial_rivers_small_b,
          infiniplex_staircase_pool, grunt_megastairs_3, lemuel_fruit_fields
Shoals:1: layout_shoals, serial_shops, nicolae_shop_crystal,
          nicolae_shop_behind_doors, nicolae_shop_behind_doors,
          nicolae_shop_trees
Shoals:2: layout_shoals, abandoned_shop
Shoals:3: layout_shoals, nicolae_shoals_aquamancer_cove
Snake:1:  layout_chambers
Snake:2:  layout_concentric_octagons
Snake:3:  layout_misc_corridors, nicolae_snake_gridmaze_zigzag,
          nicolae_snake_snakewalk, minmay_shoptagon, uniq_vashnia
Snake:4:  grunt_snake_rune_spirals, layout_onion_interference, st_stairs_4
Orc:1:    gammafunk_beogh_shrine, layout_caves, serial_shops,
          nicolae_shop_stone, nicolae_volcano_entry_two_sided, mines5_lemuel
Orc:2:    st_orc_mages, layout_caves
Vaults:1: ontoclasm_vaults_claustrophobia, v_pattern_1, v_rooms_6,
          hangedman_vaults_unwind, vaults_mumra_lcd,
          nicolae_vaults_network_star, grunt_vaults_bifocal,
          ontoclasm_vaults_gateway, v_alt_pattern_6, vaults_room_corners,
          layout_vaults_omnigrid, serial_shops, shop

Skill      XL: |  1  2  3  4  5  6  7  8  9 10 11 12 13 14 15 16 17 18 19 |
---------------+----------------------------------------------------------+-----
Axes           | 3 4 5 6 8 9 |  9.2
Fighting       | 4 7 11 12 14 15 19 21 | 21.1
Armour         | 8 9 12 15 19 20 | 20.0
Shields        | 7 8 9 12 17 | 17.0
Dodging        | 4 7 9 12 | 12.0
Invocations    | 3 8 10 | 10.3
Short Blades   | 7 8 |  8.5
Evocations     | 2 9 |  9.0

Action                   |  1- 3 |  4- 6 |  7- 9 | 10-12 | 13-15 | 16-18 | 19-21 || total
-------------------------+-------+-------+-------+-------+-------+-------+-------++-------
Melee: War axe           |    73 |     8 |       |       |       |       |       ||    81
       Dagger            |       |   111 |   374 |  1505 |  2448 |       |       ||  4438
       Unarmed           |       |       |       |       |     3 |       |       ||     3
       Quick blade       |       |       |       |       |   638 |  3102 |  1069 ||  4809
Invok: Heroism           |       |       |     1 |    23 |    18 |    18 |     6 ||    66
       Finesse           |       |       |       |     4 |     8 |    14 |     2 ||    28
       Duel              |       |       |       |       |       |       |     1 ||     1
Evoke: Wand              |       |       |       |     6 |       |     5 |       ||    11
  Use: Potion            |       |     4 |     1 |     1 |       |     2 |       ||     8
       Scroll            |       |       |     3 |     3 |    16 |     6 |     2 ||    30
 Stab: Petrified         |       |       |       |       |     2 |       |       ||     2
       Distracted        |       |       |       |       |     1 |       |       ||     1
       Confused          |       |       |       |       |     1 |       |       ||     1
Armor: Scale mail        |    46 |    52 |   178 |    84 |       |       |       ||   360
       Steam dragon scal |       |       |       |   376 |    74 |       |       ||   450
       Crystal plate arm |       |       |       |       |  1361 |   849 |   282 ||  2492
       Skin              |       |       |       |       |     2 |       |       ||     2
Dodge: Dodged            |    33 |    49 |   123 |   497 |   668 |   547 |   138 ||  2055
Block: Buckler           |    14 |    27 |   211 |   612 |  1028 |       |       ||  1892
       Reflection        |       |       |     5 |    11 |    21 |    10 |       ||    47
       Other             |       |       |       |       |     8 |       |       ||     8
       Kite shield       |       |       |       |       |    84 |   682 |       ||   766
       Tower shield      |       |       |       |       |       |   690 |   715 ||  1405

Table legend: (Time is in decaauts)
 A = Elapsed time spent in this place.
 B = Non-inter-level travel time spent in this place.
 C = Inter-level travel time spent in this place.
 D = Time resting spent in this place.
 E = Time spent auto-exploring this place.
 F = Levels seen in this place.
 G = Mean time per level.
                   A        B        C        D        E       F      G
               +--------+--------+--------+--------+--------+-----+--------+
         Total |  43352 |  40726 |   2626 |    240 |  31181 |  35 | 1238.6 |
       Dungeon |  19337 |  17634 |   1703 |      0 |  14452 |  15 | 1289.1 |
        Temple |     44 |     38 |      6 |      0 |     10 |   1 |   44.0 |
          Lair |   8605 |   8176 |    429 |     74 |   6171 |   5 | 1721.0 |
        Shoals |   2339 |   2310 |     29 |      0 |   1618 |   3 |  779.7 |
     Snake Pit |   6109 |   5860 |    249 |     12 |   4353 |   4 | 1527.2 |
  Orcish Mines |   2148 |   2079 |     69 |     12 |   1529 |   2 | 1074.0 |
        Vaults |   2215 |   2077 |    138 |    131 |   1336 |   1 | 2215.0 |
         Abyss |    102 |    102 |      0 |      0 |     10 |   1 |  102.0 |
      Ice Cave |   2009 |   2009 |      0 |      2 |   1441 |   1 | 2009.0 |
       Volcano |    385 |    385 |      0 |      0 |    260 |   1 |  385.0 |
         Arena |     53 |     53 |      0 |      9 |      0 |   1 |   53.0 |
               +--------+--------+--------+--------+--------+-----+--------+

Top non-repeatable levels by time:
  Lair:5: 2853 daAuts
Vaults:1: 2215 daAuts
     D:9: 2212 daAuts
   IceCv: 2009 daAuts
 Snake:4: 1739 daAuts
     D:7: 1674 daAuts
 Snake:3: 1659 daAuts
    D:11: 1635 daAuts
  Lair:2: 1619 daAuts
     D:5: 1613 daAuts
    D:10: 1594 daAuts
     D:8: 1573 daAuts
 Snake:1: 1572 daAuts
  Lair:1: 1541 daAuts
    D:15: 1501 daAuts
